AoeStats
← Bliitzz67

Black Forest

509595693Analyzed
4v4 RM · 6d ago on Sep 27, 2026· 64m 9s· 8 players
Game mode
Random Map
Map size
Large (8 player)
Population
200
Speed
Normal
Resources
Standard
Victory
Conquest
Starting age
Dark Age
Ending age
Imperial Age
RankedLock teamsTeams togetherTeam positionsShared explorationLock speedFull tech treeHidden civsTurbo modeCheats
Victory
Defeat
🇨🇭 Saracens · Switzerland
1079
+14
🇳🇱 Khmer · Netherlands
1054
+16
🇫🇷 Turks · France
1043
+16
🇩🇪 Burgundians · Germany
1030
+17
🇯🇵 Celts · Japan
1144
-21
🇧🇷 Franks · Brazil
1024
-15
🇩🇪 Khmer · Germany
1014
-14
🇩🇪 Danes · Germany
991
-13
prsdntsdghtr
0:41 Loom
12:16 Feudal Age
21:19 Castle Age
19:06 Double-Bit Axe
19:07 Horse Collar
20:30 Wheelbarrow
22:34 Bow Saw
23:58 Stone Mining
27:55 Heavy Plow
29:36 Hand Cart
39:26 Imperial Age
37:56 Ballistics
41:41 Conscription
42:40 Heavy Scorpion
44:13 Heavy Scorpion
44:14 Capped Ram
45:12 Husbandry
45:23 Bloodlines
44:34 Light Cavalry
45:43 Fortified Wall
45:37 Gold Mining
46:23 Stone Shaft Mining
46:22 Crop Rotation
46:35 Caravan
48:14 Hussar
49:48 Siege Ram
50:42 Tusk Swords
51:35 Hoardings
51:35 Double Crossbow
57:22 Pikeman
57:48 Arson
60:10 Chemistry
Bliitzz67
0:30 Loom
11:45 Feudal Age
18:18 Castle Age
17:26 Horse Collar
17:36 Double-Bit Axe
19:12 Gold Mining
21:09 Wheelbarrow
22:53 Bow Saw
30:28 Imperial Age
28:33 Ballistics
30:58 Heavy Plow
31:37 Gold Shaft Mining
33:55 Elite Janissary
35:38 Fletching
38:59 Forging
40:22 Artillery
41:16 Hand Cart
45:40 Bloodlines
45:47 Scale Barding Armor
46:18 Iron Casting
50:06 Husbandry
54:09 Blast Furnace
53:29 Chain Barding Armor
60:00 Two-Man Saw
AkNeyls
6:14 Double-Bit Axe
8:17 Loom
12:40 Feudal Age
12:53 Fishing Lines
17:14 Castle Age
15:16 Stone Mining
15:33 Gillnets
16:57 Bow Saw
19:37 Fletching
22:33 Bodkin Arrow
22:38 Gold Mining
23:25 Stone Shaft Mining
26:58 Two-Man Saw
29:00 Horse Collar
32:09 Imperial Age
30:19 Wheelbarrow
29:53 Caravan
30:08 Scale Barding Armor
30:13 Forging
31:02 Husbandry
30:23 Cavalier
30:30 Cavalier
32:30 Chain Barding Armor
32:46 Iron Casting
32:30 Burgundian Vineyards
32:16 Paladin
34:34 Plate Barding Armor
34:59 Gold Shaft Mining
40:32 Blast Furnace
39:39 Heavy Plow
39:33 Treadmill Crane
40:05 Masonry
39:51 Murder Holes
42:05 Conscription
42:11 Onager
44:18 Hand Cart
45:21 Chemistry
48:45 Architecture
48:22 Bracer
48:51 Light Cavalry
50:02 Hussar
58:01 Coinage
57:43 Guilds
63:59 Banking
the Puchu
10:54 Feudal Age
11:56 Loom
16:18 Castle Age
15:28 Town Watch
15:35 Fletching
16:45 Crossbowman
24:10 Double-Bit Axe
30:09 Imperial Age
28:33 Bodkin Arrow
29:16 Bow Saw
30:37 Thumb Ring
32:09 Chemistry
31:58 Town Patrol
32:41 Wheelbarrow
36:08 Arbalester
36:50 Bracer
39:12 Padded Archer Armor
39:07 Onager
44:01 Siege Onager
45:24 Caravan
52:12 Ballistics
58:53 Coinage
58:54 Hand Cart
59:47 Heavy Camel Rider
60:28 Husbandry
60:39 Bloodlines
60:35 Scale Barding Armor
60:41 Forging
62:11 Banking
62:24 Elite Skirmisher
63:20 Leather Archer Armor
63:28 Chain Barding Armor
63:44 Iron Casting
-|pX|- Captain
12:02 Feudal Age
15:25 Castle Age
14:06 Double-Bit Axe
24:14 Gold Mining
27:55 Scale Barding Armor
28:12 Ballistics
29:32 Wheelbarrow
28:43 Loom
28:44 Town Watch
29:11 Bow Saw
28:43 Horse Collar
31:59 Imperial Age
29:42 Heavy Plow
31:10 Fortified Wall
32:09 Chain Barding Armor
31:43 Fletching
32:17 Hand Cart
33:48 Gold Shaft Mining
33:55 Plate Barding Armor
34:32 Chemistry
34:24 Conscription
34:10 Elite Ballista Elephant
35:02 Stone Mining
37:07 Double Crossbow
42:11 Stone Shaft Mining
41:34 Bodkin Arrow
53:49 Forging
54:47 Elite Battle Elephant
55:28 Husbandry
55:38 Bloodlines
59:43 Caravan
NATARU
12:48 Feudal Age
16:42 Castle Age
14:38 Double-Bit Axe
14:35 Horse Collar
17:33 Loom
18:05 Bow Saw
17:58 Heavy Plow
24:36 Wheelbarrow
24:46 Fletching
27:43 Stone Mining
27:44 Gold Mining
28:46 Hand Cart
29:10 Stone Shaft Mining
28:37 Bodkin Arrow
29:13 Ballistics
29:08 Fortified Wall
30:14 Town Watch
34:31 Imperial Age
33:13 Gold Shaft Mining
32:41 Scale Mail Armor
32:51 Forging
32:52 Pikeman
33:18 Arson
33:50 Chain Mail Armor
34:35 Heavy Scorpion
36:20 Chemistry
37:34 Halberdier
38:46 Plate Mail Armor
38:52 Iron Casting
42:07 Blast Furnace
40:42 Capped Ram
41:34 Siege Ram
51:50 Furor Celtica
52:01 Conscription
53:12 Conscription
52:35 Onager
57:08 Guilds
56:54 Siege Onager
Knight_Cassian
6:36 Loom
10:40 Feudal Age
11:12 Double-Bit Axe
18:37 Castle Age
17:20 Gold Mining
19:40 Bow Saw
19:37 Pikeman
20:18 Squires
25:18 Wheelbarrow
26:29 Stone Mining
28:51 Hand Cart
29:33 Man-at-Arms
29:59 Gambesons
30:42 Forging
30:33 Scale Mail Armor
33:41 Imperial Age
30:50 Long Swordsman
33:42 Gold Shaft Mining
33:26 Arson
34:23 Iron Casting
34:04 Chain Mail Armor
34:21 Two-Handed Swordsman
35:08 Elite Throwing Axeman
35:54 Ordonnance Companies
38:45 Plate Mail Armor
39:16 Blast Furnace
41:43 Scale Barding Armor
41:31 Cavalier
42:30 Husbandry
42:54 Chain Barding Armor
45:13 Plate Barding Armor
46:40 Paladin
49:14 Halberdier
SmarterRix
2:43 Loom
15:44 Feudal Age
16:12 Horse Collar
16:20 Double-Bit Axe
20:55 Castle Age
19:54 Arson
20:35 Forging
20:26 Scale Mail Armor
20:35 Gold Mining
21:24 Pikeman
22:16 Gambesons
23:58 Squires
28:07 Chain Mail Armor
28:27 Iron Casting
35:14 Wheelbarrow
39:35 Imperial Age
38:01 Pikeman
40:09 Elite Varangian Guard
42:11 Plate Mail Armor
42:41 Blast Furnace
41:59 Stone Mining
43:16 Siege Engineers
44:02 Hand Cart
44:26 Conscription
43:27 Northmen's Fury
44:33 Town Watch
45:31 Hamask
50:42 Onager
54:29 Gold Shaft Mining
59:53 Caravan
Connection lost

Rejoining the realm…

Still unreachable

The connection could not be restored.

Session expired

The server has moved on; the page needs a fresh start.